 Dungeon Crawl Stone Soup version 0.27.0-66-gdc8fb28755 (webtiles) character file.

Game seed: 13915968251096046500

367 Naeght the Cudgeller (level 6, 0/84 HPs)
             Began as a Minotaur Berserker on Aug 19, 2021.
             Was a Believer of Trog.
             Slain by an ogre (13 damage)
             ... on level 4 of the Dungeon.
             The game lasted 00:03:14 (3793 turns).

Naeght the Cudgeller (Minotaur Berserker)           Turns: 3793, Time: 00:03:15

Health: 0/84       AC:  3    Str: 24    XL:     6   Next: 41%
Magic:  5/5        EV: 12    Int:  4    God:    Trog [**....]
Gold:   132        SH:  0    Dex:  9    Spells: 5/5 levels left

rFire    . . .     SeeInvis .   a - +0 mace
rCold    . . .     Faith    .   (no shield)
rNeg     . . .     Spirit   .   j - +0 leather armour
rPois    .         Reflect  .   (helmet restricted)
rElec    .         Harm     .   (no cloak)
rCorr    .         Rampage  .   (no gloves)
Will     .....                  (no boots)
Stlth    ..........             (no amulet)
HPRegen  0.24/turn              (no ring)
MPRegen  0.09/turn              (no ring)

@: berserking, very quick
A: horns 2, retaliatory headbutt
a: Renounce Religion, Berserk, Trog's Hand


You were on level 4 of the Dungeon.
You worshipped Trog.
Trog was pleased with you.
You visited 1 branch of the dungeon, and saw 4 of its levels.

You collected 132 gold pieces.

Inventory:

Hand Weapons
 a - a +0 mace (weapon)
Armour
 j - a +0 leather armour (worn)
Scrolls
 c - a scroll of teleportation {unknown}
 d - 5 scrolls of identify {unknown}
 f - 3 scrolls of fog {unknown}
 g - a scroll of enchant weapon {unknown}
 h - a scroll of vulnerability {unknown}
 i - a scroll of fear {unknown}
 k - a scroll of immolation {unknown}
 l - a scroll of holy word {unknown}
 m - a scroll of blinking {unknown}
Potions
 b - a potion of invisibility {unknown}
 e - a potion of heal wounds {unknown}


   Skills:
 + Level 5.0 Fighting
 * Level 6.2 Maces & Flails
 + Level 4.2 Armour
 + Level 3.8 Dodging


You had 5 spell levels left.
You didn't know any spells.
Your spell library was empty.

Dungeon Overview and Level Annotations

Branches:
Dungeon (4/15)
 Temple: D:4-7

Altars:
Okawaru
Xom


Innate Abilities, Weirdness & Mutations

You have a pair of horns on your head.
You reflexively headbutt those who attack you in melee.


Message History

You kill the ball python!
Trog accepts your kill. The ogre closely misses you.
You hit the ogre.
The ogre is heavily wounded.
You hit the ogre. You headbutt the ogre.
The ogre is severely wounded.
The ogre hits you with a +0 giant spiked club!!
Ouch! That really hurt!
* * * LOW HITPOINT WARNING * * *
You are too injured to fight recklessly!
You are too injured to fight recklessly!
You are too injured to fight recklessly!
You are too injured to fight recklessly!
You are too injured to fight recklessly!
You are too injured to fight recklessly!
You are too injured to fight recklessly!
You are too injured to fight recklessly!
You are too injured to fight recklessly!
You are too injured to fight recklessly!
You are too injured to fight recklessly!
You are too injured to fight recklessly!
You are too injured to fight recklessly!
You are too injured to fight recklessly!
You are too injured to fight recklessly!
You are too injured to fight recklessly!
You are too injured to fight recklessly!
You are too injured to fight recklessly!
You are too injured to fight recklessly!
You are too injured to fight recklessly!
You are too injured to fight recklessly!
You are too injured to fight recklessly!
You are too injured to fight recklessly!
You are too injured to fight recklessly!
You are too injured to fight recklessly!
Unknown command.
A red film seems to cover your vision as you go berserk!
You feel yourself moving faster!
You feel mighty!
The ogre hits you with a +0 giant spiked club!
You die...

#.... .#
#....###'####
#...........#
.#...........#
........$....#
#...........#
##....O......#
#######
.......@.....#
#<....#
.............#
#####.#
..#..........#
#.#
............##
#.#
..........#.#
#.#
.###.####.#.#
#.# #......#.#
# #.#
#........# #.#
.###.##.###.#
#.#


You could see an ogre.

Vanquished Creatures
  Sigmund (D:3)
  A necrophage (D:4)
  An iguana (D:3)
  4 gnolls (D:3)
  A worm (D:2)
  A dart slug (D:3)
  4 orcs (D:3)
  2 endoplasms
  3 giant cockroaches (D:1)
  2 goblins
  2 hobgoblins
  6 jackals
  8 kobolds
  3 quokkas
  A ball python (D:4)
  3 bats
  3 frilled lizards
  4 rats
50 creatures vanquished.

Vanquished Creatures (others)
  3 plants (D:1)
3 creatures vanquished.

Grand Total: 53 creatures vanquished

Notes
Turn   | Place    | Note
-------+----------+-------------------------------------------
     0 | D:1      | Naeght the Minotaur Berserker began the quest for the Orb.
     0 | D:1      | Reached XP level 1. HP: 19/19 MP: 0/0
   215 | D:1      | Found a faded altar of an unknown god.
   314 | D:1      | Reached XP level 2. HP: 25/27 MP: 1/1
   414 | D:1      | Reached skill level 4 in Maces & Flails
  1370 | D:2      | Reached XP level 3. HP: 31/33 MP: 2/2
  1695 | D:3      | Reached ** piety under Trog
  2297 | D:3      | Reached XP level 4. HP: 32/40 MP: 3/3
  3029 | D:3      | Reached skill level 5 in Maces & Flails
  3108 | D:3      | Noticed Sigmund
  3123 | D:3      | Killed Sigmund
  3124 | D:3      | Reached XP level 5. HP: 45/47 MP: 4/4
  3124 | D:3      | Reached XP level 6. HP: 53/55 MP: 5/5
  3366 | D:3      | Found a shimmering altar of Xom.
  3606 | D:4      | Reached skill level 5 in Fighting
  3606 | D:4      | Reached skill level 6 in Maces & Flails
  3692 | D:4      | Found an iron altar of Okawaru.
  3793 | D:4      | Slain by an ogre

Illustrated notes

Levels and vault maps discovered:
D:1:      minmay_arrival_statue_studded, layout_basic,
          hellmonk_ecumenical_altar_lost_god, nrook_campfire, nrook_mini_vaults,
          serial_bayou_lake_a
D:2:      layout_rooms
D:3:      layout_basic, xom_teletrap_fun, minivault_27, uniq_sigmund
D:4:      layout_basic, lemuel_crystal_altar

Skill      XL: |  1  2  3  4  5  6 |
---------------+-------------------+-----
Maces & Flails | 4 5 6 |  6.2
Fighting       | 4 5 |  5.0
Armour         | 3 4 |  4.2
Dodging        | 3 |  3.8

Action                   |  1- 3 |  4- 6 || total
-------------------------+-------+-------++-------
Melee: Mace              |    71 |    42 ||   113
       Headbutt          |    13 |     6 ||    19
Invok: Berserk           |       |     3 ||     3
Armor: Animal skin       |    14 |       ||    14
       Leather armour    |     1 |     5 ||     6
Dodge: Dodged            |    58 |    36 ||    94
